Cogmind - Beta 13 X2 @@@ ROGUE MODE // 2024.02.09 @ 20:58:25 // AFD2020/Player2 Player: Minty Result: Destroyed by as-32137 with Assembled Rifle Performance ------------- Evolutions (0) 0 Regions Visited (4) 800 Robots Destroyed (16) 80 Value Destroyed (428) 428 Prototype IDs (27) 540 Alien Tech Used (0) 0 Bonus (-170) -170 TOTAL SCORE: 1678 Bonus ------- Follower Combat Kills 134 Aligned with FarCom 300 Friendly Fire -604 Cogmind --------- Core Integrity 0/250 Matter 218/300 Energy 88/100 System Corruption 0% Temperature Cool (0) Movement Rolling (110) Ox2 Location -9/Mines Parts ------- > --- POWER (1) -------- (None) > --- PROPULSION (2) --- Aluminum Leg Wheel > --- UTILITY (2) ------ Medium Storage Unit Improved Light Armor Plating > --- WEAPON (2) ------- Light Assault Rifle Field Lobotomy Kit > --- INVENTORY (10) --- Improved Heat Sink Huge Storage Unit Structural Scanner Improved Terrain Scanner Improved Terrain Scanner Seismic Detector Utility Shielding Peak State ------------ > --- POWER ------------ (None) > --- PROPULSION ------- Aluminum Leg Wheel > --- UTILITY ---------- Medium Storage Unit Improved Light Armor Plating > --- WEAPON ----------- Light Assault Rifle Field Lobotomy Kit > --- INVENTORY -------- Improved Heat Sink Huge Storage Unit Structural Scanner Improved Terrain Scanner Improved Terrain Scanner Seismic Detector Utility Shielding [Rating: 18] Favorites ----------- Power Light Ion Engine Engine Light Ion Engine Power Core Light Nuclear Core Propulsion Aluminum Leg Leg Aluminum Leg Wheel Wheel Utility Improved Terrain Scanner Device Improved Terrain Scanner Storage Medium Storage Unit Protection Improved Light Armor Plating Weapon Light Assault Rifle Ballistic Gun Light Assault Rifle Launcher Grenade Launcher Special Weapon Field Lobotomy Kit Build | -11 -10 -10 -10 -9 ------- Run | Yrd Mat Min Exi Min Slots Evolved . | . . . . . Power . | . . . . . Propulsion . | . . . . . Utility . | . . . . . Weapon . | . . . . . Parts Attached 21 | . 5 11 . 5 Power 2 | . 1 1 . . Engine 1 | . . 1 . . Core 1 | . 1 . . . Reactor . | . . . . . Propulsion 6 | . 2 3 . 1 Treads . | . . . . . Leg 3 | . . 3 . . Wheel 3 | . 2 . . 1 Hover . | . . . . . Flight . | . . . . . Utility 7 | . 2 2 . 3 Device 4 | . 1 1 . 2 Storage 2 | . 1 1 . . Processor . | . . . . . Hackware . | . . . . . Protection 1 | . . . . 1 Artifact . | . . . . . Weapon 6 | . . 5 . 1 Energy Gun . | . . . . . Energy Cannon . | . . . . . Ballistic Gun 2 | . . 2 . . Ballistic Cannon . | . . . . . Launcher 3 | . . 3 . . Special Weapon 1 | . . . . 1 Impact Weapon . | . . . . . Slashing Weapon . | . . . . . Piercing Weapon . | . . . . . Special Melee Weapon . | . . . . . Unidentified Prototypes 1 | . . . . 1 Parts Lost 7 | . . 4 . 3 Power 1 | . . . . 1 Propulsion 2 | . . 1 . 1 Utility . | . . . . . Weapon 4 | . . 3 . 1 Highest Loss Streak 4 | . . 4 . 2 To Critical Strikes . | . . . . . Average Slot Usage (%) 96 | . 92 97 100 97 Engine 9 | . 9 7 14 11 Core 3 | . 4 6 . . Leg 19 | . 15 14 28 27 Wheel 8 | . 12 13 . . Device 11 | . 6 14 14 12 Storage 14 | . 14 14 14 14 Ballistic Gun 22 | . 28 16 28 27 Launcher 4 | . . 9 . . Naked Turns . | . . . . . Heaviest Build 93 | 11 89 93 17 22 Greatest Support 20 | 20 20 20 20 20 Greatest Overweight (x) 9 | . 8 9 . 2 Average Overweight (x) 1 | . 3 1 . . Largest Inventory Capacity 25 | . 25 25 10 10 Average Capacity 16 | . 23 17 10 10 Most Carried 12 | . 11 12 10 10 Average Carried 8 | . 2 9 9 9 Final Capacity 25 | 8 25 10 10 10 Final Carried 11 | 6 11 8 10 7 Class Distribution -------------------- 58% | Mutant 25% | Scavenger-Mutant 15% | Skirmisher Dominant Class ---------------- Mutant | -10/Materials Mutant | -10/Mines Mutant | -10/Exiles Skirmisher | -9/Mines Resources | -11 -10 -10 -10 -9 ----------- Run | Yrd Mat Min Exi Min Matter Collected 520 | 200 109 70 . 141 Remotely . | . . . . . Salvage Created 505 | . 223 184 . 98 Parts 36 | . 15 16 . 5 Haulers Intercepted 1 | . 1 . . . Recyclers Shooed 1 | . . . . 1 Parts Field Recycled . | . . . . . Retrieved Matter . | . . . . . Parts Self-Destructed . | . . . . . Prevented . | . . . . . Kills | -11 -10 -10 -10 -9 ------- Run | Yrd Mat Min Exi Min Combat Hostiles Destroyed 12 | . 4 5 . 3 Guns 8 | . 4 1 . 3 AOE 4 | . . 4 . . Classes Destroyed 5 | . 3 1 . 1 Tunneler 2 | . 1 1 . . Hauler 1 | . 1 . . . Swarmer 2 | . . 1 . 1 Grunt 10 | . 4 5 . 1 Demolisher 1 | . . . . 1 Best Kill Streak 3 | . 3 2 . 2 Combat Bots Only 2 | . 2 2 . 2 Max Kills in Single Turn 2 | . 1 2 . 1 Gunslinging . | . . . . . Exploded 2 | . . 2 . . Melee . | . . . . . Uniques/NPCs Destroyed . | . . . . . Combat | -11 -10 -10 -10 -9 -------- Run | Yrd Mat Min Exi Min Hostile Shots Fired 52 | . 7 18 . 27 Missed 7 | . 2 2 . 3 Damage Taken 876 | . 91 372 . 413 Core 175 | . 11 84 . 80 Absorbed by Shields . | . . . . . Core Remaining (%) 100 | 100 . . . . Volleys Fired 47 | . 16 9 . 22 Largest 2 | . 2 2 . 2 Hottest 60 | . 40 60 . 40 Shots Fired 90 | . 32 14 . 44 Gun 84 | . 32 8 . 44 Cannon . | . . . . . Launcher 6 | . . 6 . . Special . | . . . . . Kinetic 84 | . 32 8 . 44 Thermal . | . . . . . Explosive 6 | . . 6 . . Electromagnetic . | . . . . . Robot Hit Streak 6 | . 6 3 . 4 Robot Miss Streak 7 | . 3 4 . 7 Penetration Max . | . . . . . Secondary Targets 1 | . 1 . . . Max Gunslinging Chain 1 | . 1 . . . Shots Hit Robots 46 | . 20 6 . 20 Core Hits 31 | . 10 14 . 7 Critical Kills . | . . . . . Critical Parts Destroyed . | . . . . . Critical Strikes . | . . . . . Melee Attacks . | . . . . . Impact . | . . . . . Slashing . | . . . . . Piercing . | . . . . . Sneak Attacks . | . . . . . Combat Hostiles . | . . . . . Follow-up Attacks . | . . . . . Damage Inflicted 1021 | . 199 611 . 211 Guns 467 | . 195 61 . 211 Cannons . | . . . . . Explosions 533 | . . 533 . . Melee . | . . . . . Ramming 21 | . 4 17 . . Kinetic 467 | . 195 61 . 211 Thermal 40 | . . 40 . . Explosive 493 | . . 493 . . Electromagnetic . | . . . . . Impact . | . . . . . Slashing . | . . . . . Piercing . | . . . . . Highest Corruption . | . . . . . Average Corruption . | . . . . . Corruption Purged . | . . . . . Corruption Blocked . | . . . . . Overload Shots . | . . . . . Overflow Damage 13 | . . 13 . . Projectiles . | . . . . . Explosions 13 | . . 13 . . Melee . | . . . . . Knockbacks . | . . . . . Impact . | . . . . . Kinetic . | . . . . . Secondary . | . . . . . Self-Inflicted Damage 226 | . 2 224 . . Shots 6 | . . 6 . . Rammed 5 | . 2 3 . . Targets Rammed 5 | . 2 3 . . Kicked . | . . . . . Crushed . | . . . . . Highest Temperature 18 | . 12 18 . 12 Average Temperature 6 | . 5 8 . 6 Received Heat Transfer 84 | . 30 15 . 39 Siege Activations . | . . . . . Robots Corrupted . | . . . . . Combat Hostiles . | . . . . . Parts Fried . | . . . . . Impact Corruptions . | . . . . . Robots Melted . | . . . . . Combat Hostiles . | . . . . . Parts Melted 1 | . . . . 1 Heat Transferred 50 | . . 50 . . Parts Sabotaged . | . . . . . Parts Stolen . | . . . . . Parts Stripped . | . . . . . Power Chain Reactions . | . . . . . Missiles Intercepted . | . . . . . Alert | -11 -10 -10 -10 -9 ------- Run | Yrd Mat Min Exi Min Peak Influence 220 | . 216 184 . 220 Initial 10 | . . 10 . . Average 105 | . 68 115 . 128 Maximum Alert Level 1 | . 1 . . 1 Low Security (%) 93 | . 86 100 . 88 Level 1 6 | . 13 . . 11 Level 2 . | . . . . . Level 3 . | . . . . . Level 4 . | . . . . . Level 5 . | . . . . . High Security . | . . . . . Max Security . | . . . . . Squads Dispatched 4 | . 2 1 . 1 Investigation 3 | . 1 1 . 1 Extermination . | . . . . . Reinforcement 1 | . 1 . . . Assault . | . . . . . Garrison . | . . . . . Intercept . | . . . . . Searches Triggered . | . . . . . Construction Impeded . | . . . . . Haulers Reinforced . | . . . . . Active Scanning Responses . | . . . . . Cargo Convoy Interrupts . | . . . . . Stealth | -11 -10 -10 -10 -9 --------- Run | Yrd Mat Min Exi Min Distress Signals . | . . . . . Communications Jammed . | . . . . . Distress Signals . | . . . . . Times Spotted 28 | . 5 9 . 14 Peak Tracking Total 4 | . 3 3 . 4 Tactical Retreats 1 | . . . . 1 Traps | -11 -10 -10 -10 -9 ------- Run | Yrd Mat Min Exi Min Traps Triggered . | . . . . . Indirectly . | . . . . . Trap Hack Attempts . | . . . . . Triggered . | . . . . . Disarmed . | . . . . . Reprogrammed . | . . . . . Reused . | . . . . . Traps Extracted . | . . . . . Installed . | . . . . . Triggered . | . . . . . Machines | -11 -10 -10 -10 -9 ---------- Run | Yrd Mat Min Exi Min Machines Disabled 2 | . . 2 . . Max in Single Turn 1 | . . 1 . . Machines Repaired . | . . . . . Machines Dismantled . | . . . . . Machines Sabotaged . | . . . . . Overloaded Fab Kills . | . . . . . Hacking | -11 -10 -10 -10 -9 --------- Run | Yrd Mat Min Exi Min Machines Accessed 7 | . 3 1 2 1 Terminals 5 | . 3 1 . 1 Fabricators . | . . . . . Repair Stations . | . . . . . Recycling Units . | . . . . . Scanalyzers . | . . . . . Garrison Access . | . . . . . Total Hacks 25 | . 17 4 2 2 Successful 8 | . 6 . 2 . Failed 16 | . 10 4 . 2 Catastrophic 1 | . . . . 1 Database Lockouts 1 | . 1 . . . Manual 22 | . 15 4 1 2 Terminals 23 | . 17 4 . 2 Fabricators . | . . . . . Repair Stations . | . . . . . Recycling Units . | . . . . . Scanalyzers . | . . . . . Garrison Access . | . . . . . Terminal Hacks 6 | . 4 . 2 . Record 1 | . . . 1 . Prototype ID Bank 3 | . 3 . . . Branch Access Points 1 | . 1 . . . Derelict Proto ID Bank 1 | . . . 1 . Fabricator Hacks . | . . . . . Repair Station Hacks . | . . . . . Recycling Unit Hacks . | . . . . . Scanalyzer . | . . . . . Garrison Access Hacks . | . . . . . Unauthorized Hacks 2 | . 2 . . . Terminals 2 | . 2 . . . Botnet 2 | . 2 . . . Fabricators . | . . . . . Repair Stations . | . . . . . Recycling Units . | . . . . . Scanalyzers . | . . . . . Garrison Access . | . . . . . Data Cores Recovered . | . . . . . Used . | . . . . . Hacking Detections 5 | . 3 1 . 1 Full Trace Events 5 | . 3 1 . 1 Feedback Events . | . . . . . Feedback Blocked . | . . . . . Robot Schematics Acquired . | . . . . . Robots Built . | . . . . . Authchips . | . . . . . Time . | . . . . . Total Robot Build Rating . | . . . . . Part Schematics Acquired . | . . . . . Parts Built . | . . . . . Authchips . | . . . . . Time . | . . . . . Total Part Build Rating . | . . . . . Parts Repaired . | . . . . . Time . | . . . . . Parts Recycled . | . . . . . Recycled Matter . | . . . . . Retrieved Matter . | . . . . . Retrieved Components . | . . . . . Parts Scanalyzed . | . . . . . Part Schematics Acquired . | . . . . . Parts Damaged . | . . . . . Bothacking | -11 -10 -10 -10 -9 ------------ Run | Yrd Mat Min Exi Min Used RIF Installer . | . . . . . Robots Hacked . | . . . . . Non-combat . | . . . . . Combat . | . . . . . Robot Hacks Applied . | . . . . . Relay Couplers Released . | . . . . . Fabnet Peak Effective % . | . . . . . Robots Rewired . | . . . . . Allies Hacked . | . . . . . Hacks Repelled . | . . . . . Allies | -11 -10 -10 -10 -9 -------- Run | Yrd Mat Min Exi Min Total Allies 4 | . 1 3 . . Largest Group 4 | . 1 4 3 3 Highest-Rated Group 97 | . 57 97 81 81 Highest-Rated Ally 57 | . 57 57 57 57 Total Orders . | . . . . . Ally Attacks 47 | . 6 12 . 29 Total Damage 778 | . 291 121 . 366 Kills 13 | . 1 4 . 8 Allies Corrupted . | . . . . . Allies Melted . | . . . . . Intel | -11 -10 -10 -10 -9 ------- Run | Yrd Mat Min Exi Min Robot Analysis Total . | . . . . . Derelict Logs Recovered 3 | . . 1 . 2 Drone Launches . | . . . . . Drone Recoveries . | . . . . . Exploration | -11 -10 -10 -10 -9 ------------- Run | Yrd Mat Min Exi Min Turns Passed 2084 | . 482 894 301 407 Spaces Moved 1319 | 1 194 635 218 271 Core . | . . . . . Treads . | . . . . . Legs 910 | 1 69 353 218 269 Wheels 409 | . 125 282 . 2 Hover . | . . . . . Flight . | . . . . . Fastest Speed 95 | 120 120 120 120 95 Average Speed 137 | 120 207 129 120 120 Slowest Speed 400 | 120 400 215 120 190 Overloaded Moves . | . . . . . Propulsion Burnouts . | . . . . . Robots Hopped . | . . . . . Cave-ins Triggered . | . . . . . Exploration Rate (%) 54 | 2 34 98 60 77 Regions Visited 4 Branch Regions 3 Pre-discovered Areas 2 | . . 1 1 . Known Exits Taken 1 | . 1 . . . Unknown Exits Taken 3 | 1 . 1 1 . Scrap Searched 2 | . . 1 . 1 Spaces Dug . | . . . . . Terrain Destroyed 46 | . . 46 . . Melee . | . . . . . Projectile . | . . . . . AOE 46 | . . 46 . . Terrain Rammed . | . . . . . Walls Destroyed . | . . . . . Machines Disabled . | . . . . . Actions | -11 -10 -10 -10 -9 --------- Run | Yrd Mat Min Exi Min Total 1506 | . 247 689 258 312 Wait 83 | . 13 24 37 9 Move 1315 | . 193 634 217 271 Hop . | . . . . . Pick Up 14 | . 8 3 3 . Fast Attach 8 | . 4 1 . 3 Attach 7 | . . 5 . 2 Detach 6 | . 3 2 . 1 Swap 6 | . 1 5 . . Drop 15 | . 7 3 1 4 Fire 47 | . 16 9 . 22 Melee . | . . . . . Ram 5 | . 2 3 . . Kick . | . . . . . Crush . | . . . . . Escape Stasis . | . . . . . Rewire . | . . . . . Trap . | . . . . . Miscellaneous . | . . . . . Route ------- -11/Scrapyard -10/Materials (discovered 2 exits: *Min x2) -10/Mines (discovered 3 exits: [*Mat x2] / *Exi) -10/Exiles -9/Mines History --------- Turn | Location | Event 1 | -11/Scrapyard | Discovered new exit (range 0) 1 | -11/Scrapyard | Entered Materials 46 | -10/Materials | Identified exit to Mines 313 | -10/Materials | Build established: Mutant 424 | -10/Materials | Central database locked down 483 | -10/Materials | Entered Mines 527 | -10/Mines | Assisted by bots powering up and referring to "LRC-V3" 559 | -10/Mines | Received a Rocket Launcher from a helpful Derelict 611 | -10/Mines | Discovered new exit (range 13) 640 | -10/Mines | Build established: Scavenger-Mutant 867 | -10/Mines | Learned Materials terminal intel 875 | -10/Mines | Discovered new exit (range 7) 936 | -10/Mines | Lost 4 parts (1n3w) 1183 | -10/Mines | Build established: Mutant 1328 | -10/Mines | Learned location of Storage (-7) 1347 | -10/Mines | Deemed a non-threat by the Exiles lab entrance 1347 | -10/Mines | Discovered new exit (range 5) 1377 | -10/Mines | Entered Exiles 1377 | -10/Exiles | Accompanied by 2 allies 1409 | -10/Exiles | Met 8R-AWN 1430 | -10/Exiles | Met EX-HEX 1461 | -10/Exiles | Met EX-BIN 1475 | -10/Exiles | Aligned with FarCom system 1477 | -10/Exiles | Given EX-Vault access code 1504 | -10/Exiles | Opened EX-Vault 1511 | -10/Exiles | Found Field Lobotomy Kit 1542 | -10/Exiles | Warned to stay clear of 0b10 Research branches 1581 | -10/Exiles | Met EX-DEC 1590 | -10/Exiles | Learned location of Zion (-7) 1627 | -10/Exiles | Discovered new exit (range 10) 1678 | -10/Exiles | Left Exiles lab with Field Lobotomy Kit 1678 | -10/Exiles | Entered Mines 1678 | -9/Mines | Accompanied by 2 allies 1687 | -9/Mines | Learned Materials non-interactive machine intel 1695 | -9/Mines | Core integrity fell below 50% 1839 | -9/Mines | Found a damaged Exp. Sensor Array with a note attached 1862 | -9/Mines | Found Prototype Device 1862 | -9/Mines | Identified Exp. Sensor Array 1945 | -9/Mines | Assembled infested the area 1965 | -9/Mines | Build established: Skirmisher 2045 | -9/Mines | Core integrity fell below 20% 2058 | -9/Mines | Learned Materials security intel 2085 | -9/Mines | Destroyed by as-32137 with Assembled Rifle Last Messages --------------- 02035_ The unstable cave ceiling collapses. 02039_ Acquired Imp. Light Armor Plating. 02039_ R-06 Scavenger collects Shock Absorption System. 02040_ Acquired 45 matter. 02045_ as-38150 destroyed. 02048_ The unstable cave ceiling collapses. 02058_ Acquired derelict log, extracted data. Data stored: Materials security intel. 02058_ Player 2 drops Ion Engine. Player 2: "You look like you need this Ion Engine." 02062_ Player 2 acquires Mni. Grenade Launcher. 02062_ Searching scrap... 02062_ Found Mining Claw. 02062_ Found Huge Storage Unit. 02062_ Found 18 Matter. 02063_ Acquired 18 matter. 02065_ Destroyed Asb. F-torch. 02071_ Assault Rifle destroyed. 02073_ Aluminum Leg destroyed. 02083_ as-11952 destroyed. Map ----- +----------------------------------------------------+ | #???????????# ## ## #???????????????????????????? | | ????????????# ## ## #???????????????????????????? | | ????????????# ## ## #??#????????????????????????? | | ????#????#??# ## #?????????#?????????????????? | | ????????????# ##### #?????#?????????????????????? | | ???#???##?#?# ???# #???????????????????????????? | | ??????? #?? ?### #???????????????????????????? | | ??????? ?? ??# ##??????????????????????????? | | ?????? ?? ??# ##?????????????????????????? | | ??????? ?? #??# #??????????????????????????? | | ??????? ?? #???# ##??????????????????????????? | | ??????? ??###?## #???????????????????????????? | | ???????# #?## ## #?#??#??????????????????????? | | ????#??# #?# ##???????????#???????????????? | | ???????# #?# #????#??????? #??????##???#??? | | ?????#?# #### ! !##??????????? #??#?# ##?????? | | ?####### #??#### ###?????#???? ##?? ##????? | | ??# #?????## ##?#???????? ### #### | | ??# #### #?????## #???##????? | | ??# #??# ####### #?#???????? " | | ??# ##?# ! ##??#??????? | | ??# #??# %! ##???????????# ? % | | ??# #??# ###### ##????????????# #? % ?? | | ### #??# #????# !???????????## #? # #??? | | # ##?# #???## %=*############" ## #?# #??? | | # ### #???# |a!%/@@ ! #?# #? ? | | # ##??# =########## r= ! #?# #??? | | ## ##??## ##??????# # #### #??? | | ?## ###### ##??####### # # ###??# #??? | | #?## #######???#T #####*#### | | ???# #??#?????## """ # # | | ???# ##???????## """ # # ####### # | | ???# """ #???####?# """ ####### # | | ??## """ #??## ### % # ### | | ??# """ ##?## """ # ##### % | | ??# #### ## """ %= """ "" | | ??# ### """ ! """ "" | | ??## ## ### #?# ####### """ "" | | ???###### # #?# """ #?????# | | ??#?????# ## #?# """ #?????# """ "" | | ????????## ## #######?# """ #?????# """ "" | | ?????????## ## #???????# #?????# """ "" | | ??????????# #???????##########?????# ??? | | ??????????# #????????????#?????????# ??? | | ??????????#######????????????????????????#######?? | | ?????????????????????????#???????#???????????????? | | ?????????????????????????????????#?????????#?????? | | | | | | | +----------------------------------------------------+ Best States ------------- Heat Dissipation 25 Energy Generation 14 Energy Capacity 160 Matter Stores 300 Matter Capacity 300 Sight Range 16 Terrain Scan Range 16 Terrain Scan Density 10 Armor Coverage 150 Evasion (%) 55 Item Schematics ----------------- None Robot Schematics ------------------ None Fabricated ------------ Nothing Alien Tech Used ----------------- None Achievements -------------- None Challenges ------------ None Player 2 | -11 -10 -10 -10 -9 ---------- Run | Yrd Mat Min Exi Min Slots Evolved . | . . . . . Power . | . . . . . Propulsion . | . . . . . Utility . | . . . . . Weapon . | . . . . . Parts Attached 9 | . 8 1 . . Parts Lost . | . . . . . Damage Taken 331 | . 37 94 . 200 Core 76 | . . 27 . 49 Player 2/Cogmind (%) 30 | . . 24 . 37 Absorbed by Shields . | . . . . . Damage Inflicted 494 | . 291 42 . 161 Player 2/Cogmind (%) 32 | . 59 6 . 43 Combat Hostiles Destroyed 6 | . 1 2 . 3 Player 2/Cogmind (%) 33 | . 20 28 . 50 Game ------ Seed UltimateChromaticBay Manual? 0 Play Time 00:12:10 Cumulative 646.7 hours Start 2024.02.09 @ 20:48:35 End 2024.02.09 @ 20:58:25 Sessions 1 Manual Loads 0 Difficulty Rogue Special Mode AFD2020/Player2 Game No. 633 Rogue 360 Adventurer 123 Explorer 150 Win Type - Total 25 Types 19/0/4/1/0/0/0/1/0 Lore% 80 Gallery% 91 Achievement% 76 Wizard Run 0 Options --------- ASCII 0 Keyboard 1 Movement Numpad Keybinds 0 Fullscreen 2 Font 18/X11Bold Map View 76x50 Zoom Use 0% Tactical HUD 1 Map Filters NONE Filters NONE Steam 1 RUN: ad5dabfb-a962-4508-b945-b7ef9c85003a